 Dungeon Crawl Stone Soup version 0.32-a0-868-g153ae1a8d6 (webtiles) character file.

Game seed: 6400592929294989068

372 jasper the Ruffian (level 6, -5/70 HPs)
             Began as a Draconian Shapeshifter on Mar 29, 2024.
             Was a Priest of Beogh.
             Slain by Bolgrim the orc apostle
             ... wielding a +2 long sword of freezing
              (8 damage)
             ... on level 3 of the Dungeon.
             The game lasted 00:05:10 (3256 turns).

jasper the Ruffian (Draconian Shapeshifter)         Turns: 3256, Time: 00:05:11

Health: -5/70      AC: 23    Str: 15 (18) XL:     6   Next: 43%
Magic:  9/9        EV:  2    Int: 10 (11) God:    Beogh [***...]
Gold:   117        SH:  0    Dex:  8 (10) Spells: 5/5 levels left

rFire   . .          .
                       - Unarmed
rCold   + . .        (no shield)
rNeg    . . .        (body armour unavailable)
rPois   +            (helmet currently unavailable)
rElec   .            (cloak currently unavailable)
rCorr   .            (gloves currently unavailable)
SInv    .            (boots currently unavailable)
Will    .....        (no amulet)
Stlth   +            d - ring of protection from cold
HPRegen 0.31/turn    (no ring)
MPRegen 0.11/turn

%: no passive effects
@: mighty, tree-form
A: stationary, stasis, torment immunity, boosted hp, AC +6, unfitting armour,
(cold-blooded), (large bone plates 1), (cold resistance 1)
a: Renounce Religion, Smiting


You were on level 3 of the Dungeon.
You worshipped Beogh.
Beogh was most pleased with you.
You were a tree.
You visited 1 branch of the dungeon, and saw 3 of its levels.

You collected 117 gold pieces.

Inventory:

Missiles
 g - 31 stones (quivered)
 h - 5 javelins
Armour
 j - a +0 cloak
Jewellery
 d - a ring of protection from cold (left branch)
 o - an amulet of magic regeneration
Talismans
 b - a beast talisman (active)
 c - a flux talisman
 k - a serpent talisman
Scrolls
 e - a scroll of revelation
 l - a scroll of silence
Potions
 f - a potion of brilliance


   Skills:
 - Level 1.1 Fighting
 - Level 1.7 Dodging
 + Level 5.5 Unarmed Combat
 - Level 5.0 Invocations
 - Level 3.0 Shapeshifting


You had 5 spell levels left.
You didn't know any spells.
Your spell library contained the following spells:

 Spells                   Type           Power      Damage    Failure   Level
 Animate Dead             Necr           0%         N/A       98%         4
 Borgnjor's Vile Clutch   Necr/Erth      0%         N/A       100%        5
 Death Channel            Necr           0%         N/A       100%        6


Dungeon Overview and Level Annotations

Branches:
Dungeon (3/15)

Altars:
Beogh


Innate Abilities, Weirdness & Mutations

You are a tree.
Your roots penetrate the ground, keeping you stationary.
You cannot be teleported.
You are immune to unholy pain and torment.
Your maximum health is greatly increased.
Your equipment is partially melded.
Your facial features look somewhat orcish.
((Your plain brown scales are hard. (AC +6)))
You cannot fit into any form of body armour.
((You are cold-blooded and may be slowed by cold attacks.))
((You are partially covered in large bone plates. (SH +4)))
((Your flesh is cold resistant. (rC+)))


Message History

Bolgrim hits you with a +2 long sword of freezing!
* * * LOW HITPOINT WARNING * * *
Bolgrim freezes you.
* * * LOW HITPOINT WARNING * * *
You take 11 damage, and have 11/70 hp.
It was a potion of might.
You feel very mighty all of a sudden. Bolgrim hits you but does no damage.
You pummel Bolgrim!!
Bolgrim is moderately wounded.
You barely miss Bolgrim.
Bolgrim is moderately wounded.
Bolgrim hits you but does no damage.
You hit Bolgrim but do no damage.
Bolgrim is moderately wounded.
Bolgrim hits you but does no damage.
You completely miss Bolgrim.
Bolgrim is moderately wounded.
Bolgrim hits you but does no damage.
You smack Bolgrim!
Bolgrim is moderately wounded.
Bolgrim hits you but does no damage.
You barely miss Bolgrim.
Bolgrim is moderately wounded.
Bolgrim hits you but does no damage.
You completely miss Bolgrim.
Bolgrim is moderately wounded.
Bolgrim hits you with a +2 long sword of freezing!
* * * LOW HITPOINT WARNING * * *
Bolgrim freezes you.
* * * LOW HITPOINT WARNING * * *
You take 10 damage, and have 3/70 hp.
You hit Bolgrim.
Bolgrim is moderately wounded.
Bolgrim hits you but does no damage.
You closely miss Bolgrim. Your punch misses Bolgrim.
Bolgrim is moderately wounded.
Bolgrim hits you with a +2 long sword of freezing!
You die...
Beogh appreciates Bolgrim's killing of a heretic priest.

#....#.# #....'.#
#....### ###....#
#.+....# ###.#....#
#...+....#
#####.#.#....######## .
#......♣#.###........
#.#.##..†o#+###†.......
#..........)...........
#...>................
##...#............... #
#....#..............
####.#######........
#.# ######### #........


You could see Bolgrim the orc apostle (divinely empowered).

Vanquished Creatures
  Sigmund (D:2)
  A phantom (D:2)
  Robin (D:2)
  3 adders
  2 ribbon worms
  2 dart slugs (D:2)
  6 ball pythons
  6 bats
  6 endoplasms
  4 giant cockroaches
  16 goblins
  6 hobgoblins
  6 jackals
  8 kobolds
  8 quokkas
  5 frilled lizards
  5 rats
86 creatures vanquished.

Notes
Turn   | Place    | Note
-------+----------+-------------------------------------------
     0 | D:1      | jasper the Draconian Shapeshifter began the quest for the
                  | Orb.
     0 | D:1      | Reached XP level 1. HP: 16/16 MP: 1/1
   334 | D:1      | Found a faded altar of an unknown god.
   352 | D:1      | Reached XP level 2. HP: 23/23 MP: 2/2
   360 | D:1      | Prayed at the altar of an unknown god.
   360 | D:1      | Became a worshipper of Beogh the Shepherd
   360 | D:1      | Reached * piety under Beogh
   786 | D:1      | Reached XP level 3. HP: 23/28 MP: 3/3
  1560 | D:2      | Reached ** piety under Beogh
  1571 | D:2      | Noticed Sigmund
  1578 | D:2      | Killed Sigmund
  1579 | D:2      | Reached XP level 4. HP: 35/35 MP: 3/7
  1579 | D:2      | Reached XP level 5. HP: 40/40 MP: 3/8
  1701 | D:2      | Noticed Robin
  1713 | D:2      | Killed Robin
  1807 | D:2      | Reached skill level 5 in Invocations
  2405 | D:2      | Reached XP level 6. HP: 47/47 MP: 9/9
  2732 | D:2      | Reached skill level 5 in Unarmed Combat
  3208 | D:3      | Reached *** piety under Beogh
  3221 | D:3      | Noticed Bolgrim
  3245 | D:3      | Gained mutation: You are partially covered in large bone
                  | plates. (SH +4) [potion of mutation]
  3245 | D:3      | Gained mutation: Your flesh is cold resistant. (rC+)
                  | [potion of mutation]
  3254 | D:3      | HP: 3/70 [Bolgrim the orc apostle/+2 long sword of freezing
                  | (1)]
  3256 | D:3      | Slain by Bolgrim the orc apostle

Illustrated notes

Levels and vault maps discovered:
D:1:      onia_arrival_pentagram, layout_basic,
          hellmonk_ecumenical_altar_zigzags, serial_bayou_crossing
D:2:      layout_basic, minmay_fractal_squares_gapless_5, uniq_sigmund,
          uniq_robin
D:3:      layout_basic

Skill      XL: |  1  2  3  4  5  6 |
---------------+-------------------+-----
Unarmed Combat | 4 5 |  5.5
Invocations    | 4 5 |  5.0
Fighting       | |  1.1
Dodging        | |  1.7
Shapeshifting  | |  3.0

Action                     |  1- 3 |  4- 6 || total
---------------------------+-------+-------++-------
  Melee: Unarmed           |   104 |   139 ||   243
         Tailslap          |     6 |    17 ||    23
  Throw: Stone             |     4 |     6 ||    10
    Use: Scroll            |     2 |     4 ||     6
         Potion            |     1 |     6 ||     7
 Armour: Skin              |    78 |    96 ||   174
  Dodge: Dodged            |    57 |    55 ||   112

Table legend: (Time is in decaauts)
 A = Elapsed time spent in this place.
 B = Non-inter-level travel time spent in this place.
 C = Inter-level travel time spent in this place.
 D = Time resting spent in this place.
 E = Time spent auto-exploring this place.
 F = Levels seen in this place.
 G = Mean time per level.
                   A        B        C        D        E       F      G
               +--------+--------+--------+--------+--------+-----+--------+
         Total |   3243 |   3105 |    138 |    690 |   1749 |   3 | 1081.0 |
       Dungeon |   3243 |   3105 |    138 |    690 |   1749 |   3 | 1081.0 |
               +--------+--------+--------+--------+--------+-----+--------+

Top non-repeatable levels by time:
     D:1: 1538 daAuts
     D:2: 1106 daAuts
     D:3: 598 daAuts
